 Dungeon Crawl Stone Soup version 0.30.1 (webtiles) character file.

Game seed: 7969381011590993476

7737 GloriousHammer the Transmogrifier (level 10, -9/86 (97) HPs)
             Began as a Demigod Transmuter on July 3, 2023.
             Mangled by a warg (11 damage)
             ... on level 9 of the Dungeon on July 4, 2023.
             The game lasted 00:37:08 (8568 turns).

GloriousHammer the Transmogrifier (DgTm)            Turns: 8568, Time: 00:37:09

HP:   -9/86 (97)    AC:  8    Str: 14 (15) XL:     10   Next: 69%
MP:   21/21         EV: 12    Int: 20 (22) God:
Gold: 385           SH:  0    Dex: 17 (18) Spells: 2/19 levels left

rFire   x . .        A - melded +0 mace (protect)
rCold   + + +        (shield currently unavailable)
rNeg    . . .        y - melded +0 steam dragon scales
rPois   +            C - melded +0 helmet
rElec   +            (cloak currently unavailable)
rCorr   +            (gloves currently unavailable)
SInv    .            (boots currently unavailable)
Will    +....        m - amulet "Goucs" {Acrobat rElec Regen+ rCorr Int+3}
Stlth   +            Z - ring of wizardry
HPRegen 1.14/turn    (no ring)
MPRegen 0.17/turn

%: acrobat, wizardry (x1)
@: brilliant, ice-form, silenced, wereblooded, studying Necromancy, heavily
drained
A: freezing attack, amphibious, boosted hp, large, high MP 1, forlorn, divine
attributes
a: End Transformation


You were on level 9 of the Dungeon.
You were a creature of crystalline ice.
You visited 1 branch of the dungeon, and saw 10 of its levels.

You collected 518 gold pieces.
You spent 133 gold pieces at shops.

Inventory:

Hand Weapons
 A - a +0 mace of protection (melded)
 B - the +6 short sword "Plog" {holy, rF+ rCorr Dex-4}
   (You found it on level 6 of the Dungeon)

   Dex:       It affects your dexterity (-4).
   rF:        It protects you from fire.
   rCorr:     It protects you from acid and corrosion.
Missiles
 a - 11 boomerangs
 u - 4 javelins
 x - 25 poisoned darts
 D - 2 curare-tipped darts
 H - 3 boomerangs of dispersal (quivered)
Armour
 y - +0 steam dragon scales (melded)
 C - a +0 helmet (melded)
Jewellery
 f - a ring of fire
 m - the amulet "Goucs" (around neck) {Acrobat rElec Regen+ rCorr Int+3}
   (You found it on level 2 of the Dungeon)

   [amulet of the acrobat]

   It increases your evasion while moving and waiting.
   Int:       It affects your intelligence (+3).
   rElec:     It insulates you from electricity.
   Regen:     It increases your rate of health regeneration.
   rCorr:     It protects you from acid and corrosion.
 Z - a ring of wizardry (left front paw)
Wands
 v - a wand of paralysis (7)
 z - a wand of mindburst (12)
 E - a wand of flame (12)
 G - a wand of roots (5)
Scrolls
 c - 4 scrolls of magic mapping
 h - 4 scrolls of immolation
 i - 2 scrolls of identify
 j - 6 scrolls of teleportation
 k - 2 scrolls of silence
 l - 2 scrolls of poison {unknown}
 n - a scroll of blinking {unknown}
 q - a scroll of enchant armour {unknown}
 t - 3 scrolls of fog {unknown}
 F - 2 scrolls of vulnerability {unknown}
Potions
 b - 3 potions of lignification
 d - 2 potions of haste
 e - a potion of attraction
 o - a potion of berserk rage
 p - a potion of degeneration
 r - 3 potions of curing
 w - a potion of cancellation {unknown}
 I - a potion of invisibility
 J - a potion of ambrosia {unknown}


   Skills:
 + Level 5.3 Fighting
 + Level 5.7 Dodging
 + Level 6.5 Unarmed Combat
 + Level 5.2 Spellcasting
 - Level 3.0 Translocations
 + Level 8.3 Transmutations
 - Level 4.0 Ice Magic
 + Level 3.0 Air Magic
 - Level 1.0 Poison Magic
 + Level 3.0 Evocations


You had 2 spell levels left.
You knew the following spells:

 Your Spells              Type           Power      Damage    Failure   Level
a - Beastly Appendage     Tmut           100%       N/A       1%          1
b - Wereblood             Tmut           55%        N/A       1%          2
c - Spider Form           Tmut/Pois      36%        N/A       1%          3
d - Ice Form              Ice/Tmut       45%        N/A       3%          4
e - Blink                 Tloc           50%        N/A       1%          2
f - Swiftness             Air            26%        N/A       4%          3
g - Lesser Beckoning      Tloc           50%        N/A       1%          2

Your spell library contained the following spells:

 Spells                   Type           Power      Damage    Failure   Level
 Shock                    Conj/Air       68%        1d7       2%          1
 Static Discharge         Conj/Air       34%        2-4/arc   3%          2
 Kiss of Death            Conj/Necr      28%        2d7       4%          1
 Summon Small Mammal      Summ           28%        N/A       4%          1
 Cigotuvi's Dreadful Rot  Necr/Pois/Air  32%        N/A       4%          2
 Momentum Strike          Conj/Tloc      32%        3d8       4%          2
 Portal Projectile        Hex/Tloc       32%        N/A       8%          3
 Airstrike                Air            13%        2d(2-18)  13%         4
 Manifold Assault         Tloc           25%        N/A       13%         4
 Call Canine Familiar     Summ           7%         N/A       14%         3
 Confusing Touch          Hex            7%         N/A       14%         3
 Inner Flame              Hex/Fire       7%         N/A       14%         3
 Summon Guardian Golem    Hex/Summ       7%         N/A       14%         3
 Summon Ice Beast         Ice/Summ       19%        N/A       21%         4
 Summon Lightning Spire   Summ/Air       17%        N/A       24%         4
 Dispel Undead            Necr           7%         3d8       41%         4
 Summon Forest            Summ/Tloc      8%         N/A       52%         5
 Summon Mana Viper        Hex/Summ       7%         N/A       75%         5
 Storm Form               Tmut/Air       21%        N/A       97%         7
 Summon Cactus Giant      Summ           3%         N/A       99%         6
 Monstrous Menagerie      Summ           3%         N/A       100%        7


Dungeon Overview and Level Annotations

Branches:
Dungeon (10/15)            Temple (0/1) D:4
   Lair: D:8-11         Orc: D:9-12

Shops:
D:2 =   D:3 ?   D:7 *   D:8 *

Annotations:
D:2 1 runed translucent door, Crazy Yiuf
D:4 Eustachio
D:6 exclusions: downstairs and manticore


Innate Abilities, Weirdness & Mutations

You are a creature of crystalline ice.
You have a powerful freezing melee attack.
You are amphibious.
Your maximum health is increased.
Your armour is entirely melded.
You are incapable of wielding weapons or throwing items.
You have an increased reservoir of magic. (+10% MP)
You shall have no god before yourself.
Your divine heritage dramatically boosts your attributes as you level up.


Message History

Your +0 mace of protection melds into your body.
Your +0 helmet melds into your body.
Your +0 steam dragon scales melds into your body.
Your +0 mace of protection goes still.
You open the door.
There is an open door here.
An orc priest comes into view. It is wielding a +0 dagger.
The orc priest shouts!
You hear a shout! x3; You hear a howl!
You hear a shout!
An orc priest comes into view. It is wielding a +0 war axe.
You hear a howl!
A gnoll comes into view. It is wielding a +0 flail.
The gnoll shouts!
You hear a shout! x2
A warg comes into view.
A gnoll comes into view. It is wielding a +0 whip.
Casting: Ice Form (dangerous; 3% risk of failure)
Confirm with . or Enter, or press ? or * to list all spells.
Your blood is infused with primal strength.
The orc priest shouts!
The warg howls!
You hear a shout! x2; You hear a howl!
An orc comes into view. It is wielding a +0 whip.
A gnoll comes into view. It is wielding a +0 spear.
The orc priest mumbles some strange prayers to Beogh against you.
Beogh smites you!
There is an open door here.
A warg comes into view.
You pummel the orc priest!! You freeze the orc priest!
You feel a bit better.
You kill the orc priest!
You completely miss the warg. The warg misses you. The warg barely misses you.
You hit the warg but do no damage.
An orc priest comes into view. It is wielding a +0 club.
The warg misses you.
The orc priest shouts!
You punch the warg! You freeze the warg.
The warg is heavily wounded.
You hear a howl!
The warg bites you.
You pummel the warg!! You freeze the warg.
You feel a bit better.
You kill the warg!
Your Evocations skill increases to level 3!
You punch the gnoll! You freeze the gnoll.
The gnoll is almost dead.
The gnoll hits you with a +0 flail.
You hit the gnoll. You freeze the gnoll.
You feel a bit better.
You kill the gnoll!
You completely miss the warg.
A warg comes into view.
The warg bites you.
You hit the warg. You freeze the warg.
The warg is lightly wounded.
You hear a shout!
You hear a howl!
The warg misses you. The warg completely misses you.
You punch the warg! You freeze the warg.
The warg is severely wounded.
The warg closely misses you.
You pummel the warg!! You freeze the warg.
You feel a bit better.
You kill the warg!
A gnoll sergeant comes into view. It is wielding a +1 spear of venom.
You hit the gnoll. You freeze the gnoll.
The gnoll is heavily wounded.
You hear a howl!
The gnoll hits you with a +0 whip.
You hear a howl!
You punch the gnoll! You freeze the gnoll.
You feel a bit better.
You kill the gnoll!
You hear a shout!
You hear a howl!
A warg comes into view.
The orc priest calls down the wrath of Beogh upon you.
Beogh smites you!
You hit the orc priest but do no damage.
You punch the orc priest! You freeze the orc priest.
The orc priest is almost dead.
You howl as the wereblood boils in your veins!
The orc priest closely misses you.
The orc priest calls upon Beogh to heal the orc priest.
The orc priest is healed somewhat.
You punch the orc priest! You freeze the orc priest.
You feel a bit better.
You kill the orc priest!
You howl as the wereblood boils in your veins!
The warg bites you! The orc hits you but does no damage.
The orc priest calls down the wrath of Beogh upon you.
Beogh smites you!
An orc priest comes into view. It is wielding a +1 trident of venom.
You punch the orc! You freeze the orc.
You feel a bit better.
You kill the orc!
The warg bites you!
A warg comes into view.
You punch the warg! You freeze the warg.
The warg is moderately wounded.
The gnoll hits you from afar with a +0 spear.
The orc priest mumbles some strange prayers to Beogh against you.
Beogh smites you!
* * * LOW HITPOINT WARNING * * *
The warg closely misses you.
You pummel the warg!! You freeze the warg.
You feel a bit better.
You kill the warg!
The orc priest looks encouraged for a moment.
You howl as the wereblood boils in your veins!
You hear a shout!
The orc priest calls down the wrath of Beogh upon you.
Beogh smites you!
* * * LOW HITPOINT WARNING * * *
Okay, then.
There is an open door here.
There is a stone staircase leading up here.
The warg closely misses you.
You climb upwards.
There is a stone staircase leading down here.
You start resting.
You howl as the wereblood boils in your veins!
Your primal bloodlust is almost over.
You start resting.
You howl as the wereblood boils in your veins!
Unknown command.
You start resting.
Your primal bloodlust has ended.
You start resting.
Your transformation is almost over.
You warm up again.
Your +0 mace of protection unmelds from your body.
Your +0 helmet unmelds from your body.
Your +0 steam dragon scales unmelds from your body.
Your +0 mace of protection hums with potential!
You start resting.
HP restored.
You start waiting.
Done waiting.
Casting: Wereblood (safe; 1% risk of failure)
Confirm with . or Enter, or press ? or * to list all spells.
You turn into a creature of crystalline ice.
Your +0 mace of protection melds into your body.
Your +0 helmet melds into your body.
Your +0 steam dragon scales melds into your body.
Your +0 mace of protection goes still.
Casting: Ice Form (dangerous; 3% risk of failure)
Confirm with . or Enter, or press ? or * to list all spells.
Your blood is infused with primal strength.
You climb downwards.
The troll shouts!
The warg closely misses you. The gnoll sergeant closely misses you.
The warg bites you!
There is a stone staircase leading up here.
You punch the warg! You freeze the warg.
The warg is moderately wounded.
The warg bites you! x2
The gnoll sergeant hits you but does no damage.
You hit the warg but do no damage.
The warg is moderately wounded.
The warg bites you. The warg bites you!
A gnoll comes into view. It is wielding a +0 club.
The gnoll sergeant hits you from afar with a +1 spear of venom!
The warg closely misses you. The warg barely misses you. The warg misses you.
The gnoll sergeant hits you from afar with a +1 spear of venom!
You are poisoned.
You climb upwards.
You feel very sick.
There is a stone staircase leading down here.
The warg attacks as you move away! The warg bites you.
You feel very sick. The warg barely misses you.
You feel sick. The warg completely misses you.
The warg bites you but does no damage.
You feel sick.
The warg stops to sniff the ground.
The warg completely misses you.
There is an open door here.
You feel sick.
You hit the warg. You freeze the warg.
The warg is lightly wounded.
Okay, then.
You hit the warg. You freeze the warg.
The warg is heavily wounded.
You feel sick. The warg closely misses you. The warg bites you.
* * * LOW HITPOINT WARNING * * *
You barely miss the warg.
The warg is moderately wounded.
You feel sick. The warg bites you!
* * * LOW HITPOINT WARNING * * *
The warg bites you!
* * * LOW HITPOINT WARNING * * *
The warg closely misses you.
Okay, then.
You can't do that in your present form.
As you read the scroll labelled UREERUUMUY, it crumbles to dust.
A profound silence engulfs you.
It was a scroll of silence.
You feel sick. The warg misses you. The warg bites you but does no damage.
Magic scrolls do not work when you're silenced!
It was a potion of curing.
You feel better. The warg misses you. The warg bites you.
* * * LOW HITPOINT WARNING * * *
It was a potion of degeneration.
There was something very wrong with that liquid.
You feel weakened.
You feel dopey.
You feel clumsy.
The warg bites you but does no damage. x2; The warg misses you.
It was a potion of magic.
Magic courses through your body.
The warg bites you but does no damage. x2; The warg bites you!
* * * LOW HITPOINT WARNING * * *
It was a potion of brilliance.
You feel clever all of a sudden. The warg misses you. The warg bites you!
You die...

#....# #######'## ##..##
#.# ##[####### ######[###
#....^...# #....[...#
#####........# #....[)..#
.............#####>.......#
#####............#........#
#........###h#..>.....#
#........# #Yh........#
#........# ###...>....#
#........# #........#
#........# ##########
##########


You could see 2 wargs.

Vanquished Creatures
  A two-headed ogre (D:7)
  The ghost of woowoo the Poker, a novice HOGl (D:5)
  Maggie (D:8)
  Psyche (D:8)
  A troll (D:9)
  6 yaks
  A wyvern (D:8)
  A vampire mosquito (D:5)
  3 wargs (D:10)
  A water moccasin (D:7)
  3 orc warriors
  7 ice beasts
  A sky beast (D:8)
  An ogre (D:7)
  A black bear (D:6)
  A phantom (D:5)
  4 kobold brigands
  4 bullfrogs
  2 gnoll sergeants
  13 wights
  7 killer bees (D:7)
  3 howler monkeys (D:7)
  6 hounds
  A jelly (D:6)
  A water moccasin simulacrum (D:5)
  8 orc priests
  14 orc wizards
  A sleepcap (D:6)
  3 iguanas (D:5)
  2 bullfrog simulacra (D:5)
  9 gnolls
  7 adders
  2 hound simulacra (D:5)
  2 shadow imps
  3 white imps
  A worm (D:2)
  2 dart slugs
  65 orcs
  5 endoplasms
  4 giant cockroaches
  4 hobgoblins
  2 jackals (D:3)
  13 kobolds
  2 quokkas
  5 ball pythons
  10 bats
  6 frilled lizards
  5 goblins
  6 rats
253 creatures vanquished.

Notes
Turn   | Place    | Note
-------+----------+-------------------------------------------
     0 | D:1      | GloriousHammer the Demigod Transmuter began the quest for
                  | the Orb.
     0 | D:1      | Reached XP level 1. HP: 15/15 MP: 5/5
   164 | D:1      | Reached skill level 2 in Transmutations
   327 | D:1      | Reached XP level 2. HP: 18/22 MP: 5/7
   336 | D:1      | Learned a level 2 spell: Wereblood
   690 | D:2      | Found Nycucoiff's Jewellery Shoppe.
   753 | D:2      | Reached XP level 3. HP: 11/27 MP: 5/8
  1062 | D:2      | Identified the amulet "Goucs" {Acrobat rElec Regen+ rCorr
                  | Int+3}
  1122 | D:2      | Reached skill level 3 in Transmutations
  1378 | D:2      | Reached XP level 4. HP: 31/34 MP: 8/10
  1412 | D:2      | Found a runed translucent door.
  1413 | D:2      | Noticed Crazy Yiuf
  1524 | D:2      | Learned a level 3 spell: Spider Form
  1869 | D:3      | Noticed a bullfrog
  1917 | D:3      | Found Sonkos's Magic Scroll Shop.
  1925 | D:3      | Bought a scroll of identify for 22 gold pieces
  1925 | D:3      | Bought a scroll of fear for 44 gold pieces
  1925 | D:3      | Bought a scroll of noise for 11 gold pieces
  1945 | D:3      | Killed a bullfrog
  1946 | D:3      | Reached skill level 1 in Poison Magic
  1976 | D:3      | Reached XP level 5. HP: 36/39 MP: 8/12
  1986 | D:3      | Got the Anthology of Baleful Effluvium
  2410 | D:4      | Found a staircase to the Ecumenical Temple.
  2524 | D:4      | Noticed Eustachio
  2544 | D:5      | Entered Level 5 of the Dungeon
  2549 | D:5      | Noticed an ice beast
  2709 | D:5      | Noticed an ice beast
  2709 | D:5      | Noticed woowoo's ghost (novice HOGl)
  2710 | D:5      | Noticed an ice beast
  2738 | D:5      | Reached skill level 4 in Transmutations
  2850 | D:5      | Learned a level 4 spell: Ice Form
  2952 | D:5      | Noticed an ice beast
  2964 | D:5      | Killed an ice beast
  2965 | D:5      | Reached XP level 6. HP: 46/46 MP: 5/13
  3073 | D:5      | Reached skill level 1 in Fighting
  3276 | D:5      | Found a runed translucent gate.
  3276 | D:5      | Found a runed translucent gate.
  3276 | D:5      | Found a runed translucent gate.
  3397 | D:5      | Reached skill level 1 in Ice Magic
  3410 | D:5      | Noticed a vampire mosquito
  3427 | D:5      | Killed a vampire mosquito
  3428 | D:5      | Reached skill level 5 in Transmutations
  3428 | D:5      | Reached XP level 7. HP: 29/52 MP: 12/15
  4140 | D:5      | Killed woowoo's ghost
  4141 | D:5      | Reached skill level 6 in Transmutations
  4141 | D:5      | Reached XP level 8. HP: 52/63 MP: 17/17
  4538 | D:6      | Identified the +5 ring mail of Ezxiv {Rampage rC- Will+
                  | Int+4 Dex-4}
  4578 | D:6      | Noticed a manticore
  4662 | D:6      | Learned a level 2 spell: Blink
  4852 | D:6      | Reached skill level 5 in Unarmed Combat
  4970 | D:6      | Identified the +6 short sword "Plog" {holy, rF+ rCorr
                  | Dex-4}
  5071 | D:6      | Reached skill level 1 in Translocations
  5185 | D:7      | Found a runed translucent door.
  5235 | D:7      | Reached XP level 9. HP: 70/70 MP: 12/19
  5243 | D:7      | Found Pusaugha's Assorted Antiques.
  5262 | D:7      | Reached skill level 7 in Transmutations
  5401 | D:7      | Bought a scroll labelled POOTUXZ YTRYED for 28 gold pieces
  5401 | D:7      | Bought a scroll labelled QUMALOCARO for 28 gold pieces
  5758 | D:7      | Reached skill level 5 in Spellcasting
  6087 | D:7      | Learned a level 3 spell: Swiftness
  6090 | D:7      | Learned a level 2 spell: Lesser Beckoning
  6230 | D:7      | Identified the +0 robe "Ceham" {rN+}
  6323 | D:8      | Noticed a two-headed ogre
  6338 | D:7      | Killed a two-headed ogre
  6344 | D:8      | Reached skill level 1 in Air Magic
  6344 | D:8      | Reached skill level 1 in Evocations
  6399 | D:7      | Reached XP level 10. HP: 51/80 MP: 21/21
  6644 | D:6      | Reached skill level 5 in Dodging
  6733 | D:8      | Reached skill level 8 in Transmutations
  6791 | D:8      | Noticed Maggie
  6806 | D:8      | Killed Maggie
  7048 | D:8      | Reached skill level 5 in Fighting
  7078 | D:8      | Found Cozuuholl's Mass Market.
  7117 | D:8      | Noticed Psyche
  7127 | D:8      | Killed Psyche
  8348 | D:10     | Entered Level 10 of the Dungeon
  8563 | D:9      | HP: 3/86 [warg (11)]
  8567 | D:9      | HP: 1/86 [warg (12)]
  8568 | D:9      | Mangled by a warg

Illustrated notes

Levels and vault maps discovered:
D:1:      eino_arrival_tree_alley, layout_rooms, amcnicky_mini_pool_small,
          minmay_unequal
D:2:      minmay_spotlight, layout_rooms, serial_shops,
          nicolae_shop_statue_plus, basic_altar, serial_park_tiny_2,
          uniq_crazy_yiuf_cottage
D:3:      layout_basic, serial_shops, shop, ebering_ecumenical_altar_petrified
D:4:      layout_basic, minmay_temple_entry_tees, serial_forest,
          infiniplex_forest_clump_long, infiniplex_forest_clump_long,
          infiniplex_forest_lined_2, infiniplex_forest_clump_small,
          infiniplex_forest_straight_2, uniq_eustachio
D:5:      layout_basic, gammafunk_ghost_icy, minmay_manual_mullet
D:6:      layout_rooms, kennysheep_little_box, minmay_misc_feat_roman,
          nicolae_concentric_dashed_squares_mild, hangedman_decor_opposing,
          minivault_11
D:7:      minmay_inner_zag, layout_rooms, serial_shops, nicolae_shop_dealshenge,
          lightli_church_of_beogh
D:8:      layout_basic, serial_glass, glass_columns_a, glass_columns_a,
          minmay_shop_mass, uniq_psyche, uniq_maggie
D:9:      layout_roguey, gammafunk_temple_overflow_wave,
          hangedman_feature_mirror
D:10:     lemuel_castle_with_subvaults [lemuel_castle_interior_carwin_1],
          layout_irregular_city, overflow_temple_1_default,
          erik_lair_orcish_takeover

Skill      XL: |  1  2  3  4  5  6  7  8  9 10 |
---------------+-------------------------------+-----
Transmutations | 2 3 4 5 6 7 8 |  8.3
Spellcasting   | 2 3 4 5 |  5.2
Unarmed Combat | 3 4 5 6 |  6.5
Poison Magic   | 1 |  1.0
Fighting       | 1 3 4 5 |  5.3
Ice Magic      | 1 2 3 4 |  4.0
Dodging        | 2 3 4 5 |  5.7
Translocations | 1 2 3 |  3.0
Air Magic      | 1 3 |  3.0
Evocations     | 1 3 |  3.0

Action                     |  1- 3 |  4- 6 |  7- 9 | 10-12 || total
---------------------------+-------+-------+-------+-------++-------
  Melee: Unarmed           |   119 |   113 |   300 |   157 ||   689
         Kick              |    25 |     8 |       |       ||    33
         Headbutt          |    15 |     6 |       |       ||    21
         Punch             |     2 |       |       |       ||     2
         Mace              |       |       |     3 |       ||     3
  Throw: Boomerang         |       |       |     4 |       ||     4
   Cast: Beastly Appendage |    28 |    10 |       |       ||    38
         Wereblood         |     2 |     5 |    16 |    15 ||    38
         Spider Form       |       |    10 |       |     1 ||    11
         Ice Form          |       |     2 |    26 |    20 ||    48
         Swiftness         |       |       |       |     1 ||     1
  Evoke: Wand              |       |       |     2 |     1 ||     3
    Use: Scroll            |       |     6 |     1 |     4 ||    11
         Potion            |       |       |       |     4 ||     4
   Stab: Sleeping          |       |     3 |     1 |       ||     4
         Paralysed         |       |       |    15 |       ||    15
 Armour: Robe              |    15 |     6 |     2 |       ||    23
         Skin              |       |    14 |   104 |    42 ||   160
  Dodge: Dodged            |    84 |    83 |   227 |   120 ||   514
